 Dungeon Crawl Stone Soup version 0.16-a0-3634-g7a4f397 (webtiles) character file.

457971 Minkie the Warrior (level 23, -2/226 HPs)
             Began as a Minotaur Berserker on Jan 13, 2015.
             Was the Champion of Trog.
             Slain by a frost giant
             ... wielding a +2 battleaxe of freezing
              (21 damage)
             ... on level 5 of the Vaults on Jan 14, 2015.
             The game lasted 05:15:54 (54521 turns).

Minkie the Warrior (Minotaur Berserker)            Turns: 54521, Time: 05:15:55

Health: -2/226     AC: 44    Str: 24    XL:     23   Next: 2%
Magic:  39/39      EV: 19    Int:  5    God:    Trog [******]
Gold:   4395       SH: 12    Dex: 21    Spells: 0 memorised, 22 levels left

rFire  + . .     SeeInvis .     Y - +7 morningstar "Vegeptea" {vamp, *Tele rElec MR+ HP+9}
rCold  + . .     Clarity  +     S - +9 gold dragon armour of Pessimism {-Tele +Blink rPois+ rF+ rC+ rN+}
rNeg   + . .     SustAb   .     h - +3 buckler {reflect}
rPois  +         Gourm    .     T - +2 hat
rElec  +         Spirit   .     n - +2 cloak {+Inv}
rCorr  .         Warding  .     o - +1 pair of gloves
rMut   .         NoTele   +     C - +2 pair of boots {Fly}
MR     +++..                    U - amulet of clarity
Stlth  ..........               W - ring of protection from magic
                                M - +4 ring of dexterity

@: flying, extremely resistant to hostile enchantments, extremely unstealthy
A: retaliatory headbutt, horns 2, talons 1, high mp 1
a: Burn Spellbooks, Berserk, Trog's Hand, Brothers in Arms, Renounce Religion,
Evoke Blink, Evoke Invisibility, Stop Flying
}: 3/15 runes: decaying, serpentine, silver


You were on level 5 of the Vaults.
You worshipped Trog.
Trog was exalted by your worship.
You were not hungry.

You visited 7 branches of the dungeon, and saw 45 of its levels.
You also visited: Bailey and Ice Cave.

You collected 5604 gold pieces.
You spent 1209 gold pieces at shops.

Inventory:

Hand weapons
 a - the +8 eveningstar of the Undead {flame, -Cast SInv}
   (Trog gifted it to you on level 2 of the Swamp)

   It emits flame when wielded, causing extra injury to most foes and up to half
   again as much damage against particularly susceptible opponents.
   It enhances your eyesight.
   It prevents spellcasting.
 Y - the +7 morningstar "Vegeptea" (weapon) {vamp, *Tele rElec MR+ HP+9}
   (You found it on level 1 of the Elven Halls)

   It inflicts no extra harm, but heals its wielder somewhat when it strikes a
   living foe.
   It insulates you from electricity.
   It affects your resistance to hostile enchantments.
   It affects your health (+9).
   It causes random teleportation.
Missiles
 z - 5 silver tomahawks (quivered)
Armour
 h - a +3 buckler of reflection (worn)
 n - a +2 cloak of invisibility (worn)
 o - a +1 pair of gloves (worn)
 C - a +2 pair of boots of flying (worn)
 N - a +2 shield
 R - the +12 chain mail of Action {+Rage rPois+ rC+}
   (You found it on level 3 of the Lair of Beasts)

   It protects you from cold.
   It protects you from poison.
   It lets you go berserk.
 S - the +9 gold dragon armour of Pessimism (worn) {-Tele +Blink rPois+ rF+ rC+ rN+}
   (You found it on level 5 of the Vaults)

   It protects you from fire.
   It protects you from cold.
   It protects you from poison.
   It protects you from negative energy.
   It lets you blink.
   It prevents most forms of teleportation.
 T - a +2 hat (worn)
Rods
 V - a +2 rod of ignition (13/13)
   (You acquired it on level 4 of the Orcish Mines)
Jewellery
 g - an uncursed ring of see invisible
 k - an uncursed ring of fire
 y - an uncursed ring of protection from cold
 I - an uncursed ring of positive energy
 J - an uncursed ring of protection from cold
 M - a +4 ring of dexterity (left hand)
 O - an uncursed ring of poison resistance
 Q - an uncursed ring of protection from magic
 U - an amulet of clarity (around neck)
 W - a ring of protection from magic (right hand)
 Z - an uncursed amulet of resist mutation
Magical devices
 m - a wand of hasting (7)
 q - a wand of teleportation (4)
 w - a wand of digging (17)
 P - a wand of lightning (5)
Scrolls
 d - 6 scrolls of teleportation
 f - 8 scrolls of identify
 i - 2 scrolls of immolation
 p - 3 scrolls of blinking
 s - 2 scrolls of recharging
 t - 2 scrolls of fog
 v - 3 scrolls of enchant weapon
 x - 20 scrolls of remove curse
 B - 3 scrolls of fear
 E - a scroll of holy word
 L - 7 scrolls of magic mapping
Potions
 c - 4 potions of cancellation
 e - 17 potions of curing
 l - 12 potions of haste
 r - 4 potions of resistance
 u - 4 potions of agility
 A - 6 potions of heal wounds
 D - 7 potions of restore abilities
 F - 7 potions of might
 X - 2 potions of cure mutation
Comestibles
 b - 18 meat rations
 j - a royal jelly
 G - a slice of pizza
 H - 4 chunks of flesh
 K - 48 fruits


   Skills:
 + Level 20.3 Fighting
 - Level 20.0 Maces & Flails
 + Level 19.6 Armour
 + Level 20.1 Dodging
 - Level 17.1 Shields
 + Level 17.4 Evocations


You had 22 spell levels left.
You didn't know any spells.

Dungeon Overview and Level Annotations

Branches:
Dungeon (15/15)            Temple (0/1) D:5            Lair (8/8) D:10
  Swamp (5/5) Lair:3        Snake (5/5) Lair:4        Slime (0/6) Lair:8
    Orc (4/4) D:10            Elf (3/3) Orc:3        Vaults (5/5) D:13
  Crypt (0/3) Vaults:2     Depths (0/5) D:15

Altars:
Ashenzari
Cheibriados
Gozag
Okawaru
Sif Muna
Trog
Vehumet
Xom
Yredelemnul
The Shining One
Beogh

Shops:
D:4 *   Orc:2 %   Orc:3 [   Orc:4 ?:*[   Elf:1 :   Elf:2 ?   Elf:3 (

Annotations:
Lair:7 exclusion: oklob plant
Swamp:5 Lernaean hydra
Elf:2 runed door


Innate Abilities, Weirdness & Mutations

You reflexively headbutt those who attack you in melee.
You have a pair of horns on your head.
You have sharp toenails.
You have an increased reservoir of magic (+10% MP).


Message History

You feel much better. You block the frost giant's attack.
The titan barely misses you.
Use which ability? (? or * to list)
You cannot teleport because you are wearing the +9 gold dragon armour of Pessimism {-Tele +Blink rPois+ rF+ rC+ rN+}.
You hit the titan.
The titan is heavily wounded.
Unknown command.
You puncture the titan!
You feel better.
The titan is heavily wounded.
The titan gestures wildly while chanting.
The titan is healed somewhat.
You block the frost giant's attack.
You hit the titan. You headbutt the titan!
The titan is heavily wounded.
You sock the titan!
The titan is severely wounded.
The titan waves its arms in wide circles.
The air twists around and violently strikes you in flight!
* * * LOW HITPOINT WARNING * * *
The frost giant hits you with a battleaxe of freezing!!
You die...

#######'#######+#####
..#.# ...)#.#.......#
.#.## ([).##.#.#...## .#
....# %...#.#.).....# .#
.#..#.}[..#.*..#....#..#
#.#.#######.........#..#
.#..#..).)#...Q#OO..#..#
....+.....'.#.#C#C)....#
.#..#.)...#....#@#.....#
###################8e..#
...[...C..pC.xQ*.C.{...#
..........8.e.QD)......#
......p......*.........#
.......................#
###################....#
#....# #....#


You could see a titan, a frost giant, a tengu reaver, an ogre mage and an ogre.

Vanquished Creatures
  Sojobo (Vaults:5)
  Saint Roka (Elf:3)
  A golden dragon (Vaults:5)
  Nikola (Vaults:1)
  A tentacled monstrosity (Vaults:5)
  Vashnia (Snake:4)
  A lich (Vaults:5)
  5 titans
  A deep elf blademaster (Elf:3)
  A sphinx (shapeshifter) (Vaults:5)
  3 thorn hunters
  7 tengu reavers
  3 storm dragons
  Frances (Elf:2)
  2 shadow dragons
  11 greater nagas
  5 fire giants
  A frost giant (D:15)
  19 vault wardens
  2 orc warlords
  Aizul (Snake:4)
  3 deep elf sorcerers
  19 ironheart preservers
  6 stone giants
  9 very ugly things
  2 war gargoyles
  6 deep elf annihilators
  7 deep elf demonologists
  2 rakshasas (Vaults:1)
  5 ettins
  7 deep elf death magi
  2 blizzard demons (IceCv)
  2 green deaths (Swamp:5)
  A crystal guardian (Vaults:5)
  4 great orbs of eyes
  2 deep elf high priests (Elf:3)
  33 vault guards
  22 hydras
  12 yaktaur captains
  Fannar (Elf:2)
  Harold (Orc:3)
  10 naga warriors
  A deep troll earth mage (Vaults:3)
  10 anacondas
  Erica (Lair:6)
  6 alligators
  10 centaur warriors
  An anaconda (shapeshifter) (D:13)
  19 dancing weapons
  10 death yaks
  19 ogre magi
  3 orc high priests
  2 shock serpents (shapeshifter)
  15 naga sharpshooters
  Urug (D:10)
  2 thrashing horrors (Swamp:5)
  11 hell knights (Vaults:4)
  Nergalle (Lair:5)
  26 deep elf knights
  A salamander mystic (Snake:2)
  A fire crab (Vaults:1)
  A shadow wraith (Vaults:4)
  7 shock serpents
  3 ice devils (IceCv)
  8 deep elf summoners
  8 unseen horrors
  14 skeletal warriors
  12 swamp dragons
  3 giant orange brains
  9 deep trolls
  A flayed ghost (Vaults:4)
  30 ironbrand convokers
  4 naga ritualists
  6 hill giants
  An unseen horror (shapeshifter) (Vaults:2)
  A harpy (Vaults:4)
  2 ice statues (IceCv)
  8 sea snakes (Snake:5)
  Pikel (D:5)
  A tengu zombie (Vaults:2)
  45 ugly things
  14 orc knights
  A wizard (Vaults:3)
  2 mana vipers (shapeshifter)
  2 necromancers
  5 wolf spiders
  A hornet (shapeshifter) (D:14)
  19 deep elf conjurers
  3 griffons
  3 cyclopes
  A moth of wrath (shapeshifter) (Vaults:5)
  3 large abominations
  A tengu skeleton (Vaults:2)
  3 phantasmal warriors
  13 mana vipers
  7 hornets
  2 salamanders
  3 orc sorcerers
  2 fire giant skeletons (Vaults:2)
  A sphinx skeleton (Vaults:2)
  A stone giant skeleton (Vaults:2)
  A frost giant skeleton (Vaults:2)
  An orange demon (Swamp:5)
  Joseph (D:12)
  2 black mambas (shapeshifter)
  5 guardian serpents
  25 spiny frogs
  30 black mambas
  A spiny frog (shapeshifter) (Elf:2)
  25 vault sentinels
  2 gargoyles
  13 naga magi
  A yaktaur (shapeshifter) (D:13)
  38 yaktaurs
  7 freezing wraiths
  5 kobold demonologists
  7 komodo dragons
  2 tengu conjurers (D:14)
  8 blue devils (IceCv)
  9 deep elf priests
  A fire drake (Lair:5)
  34 two-headed ogres
  2 polar bears
  3 trolls
  Prince Ribbit (D:5)
  5 boulder beetles
  A snapping turtle (shapeshifter) (Vaults:1)
  16 bog bodies
  56 slime creatures
  A jumping spider (Vaults:4)
  2 ravens (shapeshifter) (Vaults:2)
  33 blink frogs
  11 giant leeches
  5 ravens
  A frost giant simulacrum (Vaults:1)
  5 baby alligators (Swamp:2)
  3 basilisks
  A redback (shapeshifter) (D:13)
  3 redbacks (Vaults:4)
  An air elemental (Vaults:5)
  41 deep elf magi
  10 shadows
  A wyvern (D:10)
  2 wraiths
  66 yaks
  A tarantella (Vaults:4)
  2 fire bats (Lair:6)
  Grum (D:9)
  14 wolves
  A hippogriff (shapeshifter) (D:13)
  4 spriggans
  A steam dragon (Lair:6)
  8 hippogriffs
  57 deep elf fighters
  45 vampire mosquitoes
  3 hungry ghosts
  A human simulacrum (Vaults:3)
  36 swamp worms
  Edmund (D:5)
  A yaktaur simulacrum (Vaults:2)
  5 wargs
  5 insubstantial wisps (Swamp:4)
  3 mottled dragons
  60 nagas
  35 water moccasins
  46 orc warriors
  2 sky beasts
  4 swamp drakes
  7 ice beasts
  An eye of draining (D:12)
  3 black bears
  4 boggarts (Vaults:3)
  8 porcupines
  2 slaves (D:5)
  4 wasps
  An orc zombie (Vaults:2)
  2 necrophages (Swamp:2)
  An orc skeleton (Vaults:2)
  A boring beetle (Lair:6)
  2 phantoms
  10 centaurs
  69 ogres
  A brain worm (D:11)
  15 crocodiles
  A lost soul (Elf:3)
  Blork the orc (D:5)
  8 big kobolds
  47 giant frogs
  6 human skeletons (Vaults:2)
  4 scorpions
  3 wyvern skeletons
  5 small abominations
  3 killer bees (D:14)
  14 wights
  3 giant frog zombies
  3 centaur zombies
  16 crimson imps
  3 electric eels
  7 jellies
  A goliath beetle (D:6)
  A wasp zombie (D:10)
  5 centaur skeletons
  A giant frog skeleton (D:8)
  An iron imp (Orc:2)
  28 orc wizards
  20 hounds
  A gnoll shaman (D:7)
  8 worker ants
  8 iguanas
  27 orc priests
  A boulder beetle simulacrum (Vaults:2)
  3 sheep
  4 killer bee zombies
  A hound zombie (D:7)
  Terence (D:3)
  3 mummies
  19 adders
  9 gnolls
  73 river rats
  5 shadow imps
  A giant mite (D:2)
  12 white imps
  5 worms (Lair:4)
  4 ufetubi (IceCv)
  4 adder skeletons
  5 giant geckos
  2 oozes
  150 orcs
  A bat skeleton (D:6)
  16 goblins
  11 hobgoblins
  3 jackals
  19 kobolds
  16 quokkas
  A ball python (D:2)
  15 bats
  5 giant cockroaches
  10 giant newts
  A giant spore (D:7)
  A quokka skeleton (D:7)
  13 rats
  4 spectral orcs (Lair:5)
  3 ballistomycetes (D:7)
  5 briar patches
  2 butterflies (Lair:7)
  A crawling corpse (Vaults:5)
  2 plants
2228 creatures vanquished.

Vanquished Creatures (others)
  A deep elf master archer (Elf:3)
  An ettin (Vaults:5)
  2 yaktaur captains (Vaults:5)
  A dancing weapon (Vaults:4)
  A deep elf knight (Elf:1)
  A cyclops (D:13)
  4 yaktaurs
  A bog body (Swamp:2)
  2 ogres
  9 lost souls
  A boggart (Vaults:3)
  2 giant frogs (Lair:8)
  An orc wizard (Vaults:4)
  A white imp (IceCv)
  An ufetubus (IceCv)
  3 orcs (Vaults:1)
  A goblin (Orc:3)
  A giant spore (D:14)
  A butterfly (Lair:8)
  A crawling corpse (Vaults:5)
  A fungus (Lair:5)
  4 plants
41 creatures vanquished.

Grand Total: 2269 creatures vanquished

Notes
Turn   | Place    | Note
--------------------------------------------------------------
     0 | D:1      | Minkie, the Minotaur Berserker, began the quest for the Orb.
     0 | D:1      | Reached XP level 1. HP: 19/19 MP: 1/1
   115 | D:1      | Reached skill level 4 in Maces & Flails
   360 | D:1      | Reached XP level 2. HP: 24/26 MP: 1/1
   694 | D:1      | Reached skill level 5 in Maces & Flails
   806 | D:2      | Acquired Trog's second power
   818 | D:2      | Reached XP level 3. HP: 27/31 MP: 2/2
  1398 | D:3      | Noticed Terence
  1404 | D:3      | Killed Terence
  1404 | D:3      | Reached skill level 6 in Maces & Flails
  1404 | D:3      | Reached XP level 4. HP: 39/39 MP: 2/2
  1587 | D:3      | Found a shimmering altar of Xom.
  1619 | D:3      | Reached XP level 5. HP: 40/45 MP: 2/2
  1809 | D:3      | Reached skill level 7 in Maces & Flails
  2070 | D:4      | Found Rak Soco's Assorted Antiques.
  2083 | D:4      | Bought a pair of gloves for 72 gold pieces
  2099 | D:4      | Reached skill level 8 in Maces & Flails
  2116 | D:4      | Reached XP level 6. HP: 38/51 MP: 3/3
  2448 | D:4      | Noticed an ogre
  2459 | D:4      | Killed an ogre
  2459 | D:4      | Reached skill level 9 in Maces & Flails
  2649 | D:5      | Entered Level 5 of the Dungeon
  2802 | D:5      | Noticed Blork the orc
  2818 | D:5      | Killed Blork the orc
  2818 | D:5      | Reached XP level 7. HP: 51/57 MP: 3/3
  2885 | D:5      | Noticed Edmund
  2898 | D:5      | Reached skill level 10 in Maces & Flails
  2917 | D:5      | Killed Edmund
  2984 | D:5      | Found a staircase to the Ecumenical Temple.
  3138 | D:5      | Noticed Prince Ribbit
  3155 | D:5      | Killed Prince Ribbit
  3155 | D:5      | Reached skill level 11 in Maces & Flails
  3238 | D:5      | Noticed Pikel
  3260 | D:5      | Killed Pikel
  3260 | D:5      | Reached skill level 12 in Maces & Flails
  3260 | D:5      | Reached XP level 8. HP: 52/64 MP: 3/3
  3647 | D:6      | Reached skill level 13 in Maces & Flails
  3648 | D:6      | Found a snail-covered altar of Cheibriados.
  4201 | D:6      | Reached XP level 9. HP: 67/70 MP: 4/4
  4254 | D:6      | Reached skill level 14 in Maces & Flails
  4256 | D:6      | Acquired Trog's third power
  4437 | D:7      | Found a shattered altar of Ashenzari.
  4488 | D:7      | Reached skill level 1 in Shields
  5323 | D:7      | Reached skill level 5 in Fighting
  5469 | D:8      | Found a basalt altar of Yredelemnul.
  5546 | D:8      | Reached skill level 5 in Armour
  5651 | D:8      | Found a bloodstained altar of Trog.
  5654 | D:8      | Reached XP level 10. HP: 83/83 MP: 4/4
  5876 | D:8      | Found a radiant altar of Vehumet.
  5981 | D:8      | Reached skill level 5 in Dodging
  6029 | D:8      | Reached skill level 5 in Shields
  6031 | D:8      | Noticed a three-headed hydra
  6062 | D:8      | Killed a three-headed hydra
  6292 | D:8      | Found a bloodstained altar of Trog.
  6316 | D:8      | You fall through a shaft for 3 floors!
  6320 | D:11     | Noticed an unseen horror
  6328 | D:11     | Killed an unseen horror
  6529 | D:11     | Noticed an unseen horror
  6552 | D:11     | Killed an unseen horror
  6567 | D:11     | Reached XP level 11. HP: 92/94 MP: 4/4
  6614 | D:11     | Noticed a hill giant
  6634 | D:11     | Killed a hill giant
  7150 | D:11     | Noticed an unseen horror
  7170 | D:11     | Killed an unseen horror
  7670 | D:10     | Entered Level 10 of the Dungeon
  8055 | D:10     | Noticed Urug
  8066 | D:10     | Killed Urug
  8181 | D:10     | Received a gift from Trog
  8340 | D:10     | Found a staircase to the Lair.
  8369 | Lair:1   | Entered Level 1 of the Lair of Beasts
  8847 | D:10     | Found a staircase to the Orcish Mines.
  8890 | D:10     | Reached skill level 1 in Evocations
  9246 | D:9      | Found an iron altar of Okawaru.
  9248 | D:9      | Found a glowing golden altar of the Shining One.
  9249 | D:9      | Found an opulent altar of Gozag.
  9250 | D:9      | Noticed Grum
  9294 | D:9      | Killed Grum
  9686 | Lair:1   | Gained mutation: You have an increased reservoir of magic (+10% MP). [potion of beneficial mutation]
 10010 | Lair:1   | Reached XP level 12. HP: 71/106 MP: 9/9
 10276 | Lair:1   | Received a gift from Trog
 11259 | Lair:2   | Reached skill level 10 in Fighting
 11273 | Lair:2   | Reached skill level 10 in Armour
 11563 | Lair:2   | Noticed a six-headed hydra
 11578 | Lair:2   | Killed a six-headed hydra
 11614 | Lair:2   | Noticed a five-headed hydra
 11629 | Lair:2   | Killed a five-headed hydra
 11629 | Lair:2   | Reached skill level 10 in Shields
 11983 | Lair:2   | Identified a scroll of acquirement
 12287 | Lair:2   | Received a gift from Trog
 12311 | Lair:2   | Reached skill level 10 in Dodging
 12736 | Lair:3   | Reached skill level 5 in Evocations
 13099 | Lair:3   | Found a staircase to the Swamp.
 13109 | Swamp:1  | Entered Level 1 of the Swamp
 13151 | Lair:3   | Got a jewelled chain mail
 13169 | Lair:3   | Identified the +12 chain mail of Action {+Rage rPois+ rC+} (You found it on level 3 of the Lair of Beasts)
 13965 | Lair:4   | Received a gift from Trog
 13996 | Lair:4   | Reached XP level 13. HP: 90/113 MP: 9/19
 14580 | Lair:4   | Found a staircase to the Snake Pit.
 15362 | Lair:5   | Received a gift from Trog
 15611 | Lair:5   | Noticed Nergalle
 15658 | Lair:5   | Killed Nergalle
 16527 | Lair:6   | Upgraded the game from 0.16-a0-3623-gda98d6b to 0.16-a0-3631-ga6ec205
 16754 | Lair:6   | Found a deep blue altar of Sif Muna.
 16807 | Lair:6   | Reached XP level 14. HP: 118/121 MP: 24/24
 16840 | Lair:6   | Noticed Erica
 16844 | Lair:6   | Killed Erica
 17352 | Lair:6   | Received a gift from Trog
 18089 | Lair:7   | Reached skill level 10 in Evocations
 18847 | Lair:8   | Entered Level 8 of the Lair of Beasts
 19042 | Lair:8   | Received a gift from Trog
 19308 | Lair:8   | Found a staircase to the Slime Pits.
 20041 | Lair:8   | Received a gift from Trog
 20525 | Swamp:1  | Noticed a seven-headed hydra
 20527 | Swamp:1  | Noticed an eight-headed hydra
 20547 | Swamp:1  | Killed a seven-headed hydra
 20626 | Swamp:1  | Noticed a four-headed hydra
 20636 | Swamp:1  | Killed a four-headed hydra
 20662 | Swamp:1  | Noticed a six-headed hydra
 20672 | Swamp:1  | Killed an eight-headed hydra
 20676 | Swamp:1  | Killed a six-headed hydra
 20676 | Swamp:1  | Reached skill level 15 in Maces & Flails
 21189 | Swamp:2  | Reached skill level 15 in Shields
 21496 | Swamp:2  | Received a gift from Trog
 21505 | Swamp:2  | Got a transparent eveningstar {god gift}
 21516 | Swamp:2  | Identified the +8 eveningstar of the Undead {flame, -Cast SInv} (Trog gifted it to you on level 2 of the Swamp)
 21724 | Swamp:2  | Reached XP level 15. HP: 125/130 MP: 27/27
 22018 | Swamp:2  | Got a jewelled chain mail
 22029 | Swamp:2  | Identified the cursed -5 chain mail of Hospitality {-Cast +Inv rPois+ rF+ rN++} (You found it on level 2 of the Swamp)
 22390 | Swamp:3  | Noticed a thorn hunter
 22401 | Swamp:3  | Killed a thorn hunter
 22401 | Swamp:3  | Reached skill level 16 in Maces & Flails
 22806 | Swamp:3  | Received a gift from Trog
 23069 | Swamp:3  | Reached skill level 17 in Maces & Flails
 23187 | Swamp:3  | Noticed a thorn hunter
 23195 | Swamp:3  | Killed a thorn hunter
 23264 | Swamp:4  | Gained mutation: You have sharp toenails. [potion of beneficial mutation]
 23656 | Swamp:4  | Found a frozen archway.
 23665 | IceCv    | Entered an ice cave
 24252 | Swamp:4  | Received a gift from Trog
 24308 | Swamp:4  | Noticed a thorn hunter
 24355 | Swamp:4  | Killed a thorn hunter
 25258 | Swamp:5  | Entered Level 5 of the Swamp
 25304 | Swamp:5  | Reached XP level 16. HP: 124/139 MP: 27/27
 25498 | Swamp:5  | Reached skill level 18 in Maces & Flails
 25593 | Swamp:5  | Received a gift from Trog
 25643 | Swamp:5  | Noticed the 27-headed Lernaean hydra
 26129 | Swamp:5  | Got a decaying rune of Zot
 26550 | Orc:1    | Entered Level 1 of the Orcish Mines
 26604 | Orc:1    | Found a roughly hewn altar of Beogh.
 26928 | Orc:2    | Found a flagged portal.
 26955 | Bailey   | Entered a bailey
 26964 | Bailey   | Received a gift from Trog
 27134 | Orc:2    | Found Virakh's Food Shop.
 27565 | Orc:2    | Received a gift from Trog
 27896 | Orc:2    | Found a roughly hewn altar of Beogh.
 28339 | Orc:3    | Noticed Harold
 28351 | Orc:3    | Killed Harold
 28468 | Orc:3    | Found Ale Teusm's Armour Emporium.
 28479 | Orc:3    | Received a gift from Trog
 28495 | Orc:3    | Found a staircase to the Elven Halls.
 28898 | Orc:4    | Entered Level 4 of the Orcish Mines
 29011 | Orc:4    | Received a gift from Trog
 29055 | Orc:4    | Found Priuhocu's Book Boutique.
 29055 | Orc:4    | Found Ipheulea's Magic Scroll Shoppe.
 29056 | Orc:4    | Found Klonesiu's Armour Emporium.
 29056 | Orc:4    | Found Vonaovoo's Assorted Antiques.
 29105 | Orc:4    | Bought a scroll of acquirement for 936 gold pieces
 29110 | Orc:4    | Identified a +2 rod of ignition (13/13) (You acquired it on level 4 of the Orcish Mines)
 29695 | Elf:1    | Entered Level 1 of the Elven Halls
 29746 | Elf:1    | Found Malokam's Book Shoppe.
 30106 | Elf:1    | Got a translucent morningstar
 30112 | Elf:1    | Identified the +7 morningstar "Vegeptea" {vamp, *Tele rElec MR+ HP+9} (You found it on level 1 of the Elven Halls)
 30292 | Elf:1    | Received a gift from Trog
 30858 | Elf:1    | Reached XP level 17. HP: 150/150 MP: 29/29
 31056 | Elf:1    | Received a gift from Trog
 31485 | Elf:2    | Noticed Frances
 31492 | Elf:2    | Killed Frances
 31524 | Elf:2    | Found a runed gate.
 31525 | Elf:2    | Found a runed gate.
 31525 | Elf:2    | Found a runed gate.
 31630 | Elf:2    | Received a gift from Trog
 31719 | Elf:2    | Reached skill level 19 in Maces & Flails
 32008 | Elf:2    | Received a gift from Trog
 32306 | Elf:2    | Found Ewkacvym's Magic Scroll Emporium.
 32309 | Elf:2    | Noticed Fannar
 32320 | Elf:2    | Killed Fannar
 32320 | Elf:2    | Reached skill level 15 in Dodging
 32328 | Elf:2    | Bought a scroll of fog for 26 gold pieces
 32328 | Elf:2    | Bought a scroll of identify for 26 gold pieces
 32328 | Elf:2    | Bought a scroll of identify for 26 gold pieces
 32328 | Elf:2    | Bought a scroll of identify for 26 gold pieces
 32328 | Elf:2    | Bought a scroll of enchant armour for 97 gold pieces
 32657 | Elf:2    | Received a gift from Trog
 32761 | Elf:3    | Entered Level 3 of the Elven Halls
 32848 | Elf:3    | Noticed Saint Roka
 32861 | Elf:3    | Killed Saint Roka
 33016 | Elf:3    | Found Apithim's Weapon Emporium.
 33503 | Elf:3    | Received a gift from Trog
 33810 | Elf:3    | Reached XP level 18. HP: 113/161 MP: 31/31
 34797 | Snake:1  | Entered Level 1 of the Snake Pit
 34827 | Snake:1  | Upgraded the game from 0.16-a0-3631-ga6ec205 to 0.16-a0-3634-g7a4f397
 35474 | Snake:2  | Received a gift from Trog
 36698 | Snake:3  | Reached skill level 15 in Fighting
 36732 | Snake:3  | Received a gift from Trog
 36912 | Snake:4  | Noticed Vashnia
 36930 | Snake:4  | Killed Vashnia
 37477 | Snake:4  | Noticed Aizul
 37484 | Snake:4  | Killed Aizul
 37668 | Snake:5  | Entered Level 5 of the Snake Pit
 38121 | Snake:5  | Received a gift from Trog
 38269 | Snake:5  | Reached skill level 20 in Maces & Flails
 38458 | Snake:5  | Got a pair of shimmering gloves
 38469 | Snake:5  | Identified the +1 pair of gloves of Music {+Fly rF+ Int-4} (You acquired it on level 5 of the Snake Pit)
 38469 | Snake:5  | Lost intelligence.
 38618 | Snake:5  | HP: 6/165 [greater naga/orb of energy (46)]
 38632 | Snake:5  | Reached XP level 19. HP: 47/172 MP: 33/33
 39888 | Snake:5  | Received a gift from Trog
 39902 | Snake:5  | Got a crude scale mail
 39905 | Snake:5  | Got a serpentine rune of Zot
 39916 | Snake:5  | Identified the +3 scale mail "Kounet" {+Fly Int+2} (You found it on level 5 of the Snake Pit)
 41187 | D:12     | Noticed Joseph
 41197 | D:12     | Killed Joseph
 41782 | D:13     | Reached skill level 15 in Armour
 41872 | D:13     | Found a gate to the Vaults.
 42472 | D:14     | Received a gift from Trog
 43195 | D:15     | Entered Level 15 of the Dungeon
 43307 | D:15     | Got a slimy diamond amulet
 43324 | D:15     | Found a deep blue altar of Sif Muna.
 43879 | D:15     | Received a gift from Trog
 43917 | D:15     | Found a staircase to the Depths.
 44193 | Vaults:1 | Entered Level 1 of the Vaults
 44203 | D:13     | Identified the amulet "Feclukh" {Faith Contam +Blink rElec rN- Dex+2 Stlth+} (You found it on level 15 of the Dungeon)
 44716 | Vaults:1 | Noticed Nikola
 44732 | Vaults:1 | Killed Nikola
 44754 | Vaults:1 | Reached XP level 20. HP: 110/183 MP: 35/35
 45048 | Vaults:1 | Received a gift from Trog
 45296 | Vaults:1 | Found a glowing golden altar of the Shining One.
 45715 | Vaults:1 | Received a gift from Trog
 46738 | Vaults:2 | Found a staircase to the Crypt.
 46778 | Vaults:2 | Reached skill level 15 in Evocations
 46858 | Vaults:2 | Received a gift from Trog
 47833 | Vaults:2 | Received a gift from Trog
 48503 | Vaults:3 | Reached XP level 21. HP: 154/194 MP: 37/37
 48584 | Vaults:3 | Received a gift from Trog
 49181 | Vaults:3 | Received a gift from Trog
 49912 | Vaults:4 | Received a gift from Trog
 50672 | Vaults:4 | Received a gift from Trog
 50801 | Vaults:4 | Received a gift from Trog
 51621 | Vaults:5 | Entered Level 5 of the Vaults
 51631 | Vaults:5 | Received a gift from Trog
 52038 | Vaults:4 | Reached XP level 22. HP: 185/206 MP: 38/38
 52985 | Vaults:4 | Received a gift from Trog
 53327 | Vaults:5 | Noticed Sojobo
 53364 | Vaults:5 | Killed Sojobo
 53840 | Vaults:5 | Got a silver rune of Zot
 53863 | Vaults:5 | Received a gift from Trog
 53969 | Vaults:5 | Got a brightly glowing gold dragon armour
 53984 | Vaults:5 | Identified the +9 gold dragon armour of Pessimism {-Tele +Blink rPois+ rF+ rC+ rN+} (You found it on level 5 of the Vaults)
 54425 | Vaults:5 | Received a gift from Trog
 54501 | Vaults:5 | Reached XP level 23. HP: 120/217 MP: 39/39
 54521 | Vaults:5 | Slain by a frost giant

Action                   |  1- 3 |  4- 6 |  7- 9 | 10-12 | 13-15 | 16-18 | 19-21 | 22-24 || total
-------------------------+-------+-------+-------+-------+-------+-------+-------+-------++-------
Melee: Mace              |    98 |       |       |       |       |       |       |       ||    98
       Flail             |       |   134 |   353 |  1197 |   992 |       |       |       ||  2676
       Demon whip        |       |       |       |       |   201 |       |       |       ||   201
       Eveningstar       |       |       |       |       |   464 |  1604 |  2083 |   398 ||  4549
       Morningstar       |       |       |       |       |       |       |    10 |   255 ||   265
Throw: Tomahawk          |       |       |     3 |       |       |       |       |       ||     3
       Javelin           |       |       |       |       |     1 |       |       |       ||     1
Invok: Berserk           |     1 |       |     3 |     5 |     7 |     2 |     1 |       ||    19
       Trog's Hand       |       |     1 |       |     4 |     2 |     6 |     6 |    13 ||    32
 Abil: Evoke Flight      |       |       |       |       |     1 |       |       |       ||     1
       Evoke Invisibilit |       |       |       |       |     3 |     1 |     1 |     2 ||     7
Evoke: Rod               |       |       |       |       |       |     4 |       |       ||     4
  Use: Scroll            |       |     8 |       |    25 |    10 |    11 |     8 |    11 ||    73
       Potion            |       |       |     1 |     1 |     1 |     6 |       |     6 ||    15
 Stab: Distracted        |     1 |       |       |       |       |       |       |       ||     1
       Invisible         |       |       |       |       |     6 |     7 |       |       ||    13
  Eat: Chunk             |     2 |     5 |    13 |    31 |    41 |    43 |    39 |    10 ||   184
       Fruit             |       |       |       |     3 |     1 |     2 |     1 |       ||     7
       Pizza             |       |       |       |     1 |     2 |       |       |       ||     3
       Beef jerky        |       |       |       |       |     1 |       |     3 |     1 ||     5
       Bread ration      |       |       |       |       |       |     1 |     1 |     1 ||     3
       Meat ration       |       |       |       |       |       |       |     1 |       ||     1
